 Dungeon Crawl Stone Soup version 0.30.1-3-gfc49f6343a (webtiles) character file.

Game seed: 7429937287152709427

880 shmup the Firebug (level 8, -1/41 (46) HPs)
             Began as a Tengu Fire Elementalist on July 20, 2023.
             Was a Follower of Nemelex Xobeh.
             Slain by a wight
             ... wielding a +4 short sword
              (7 damage)
             ... on level 5 of the Dungeon.
             The game lasted 00:17:12 (5325 turns).

shmup the Firebug (Tengu Fire Elementalist)         Turns: 5325, Time: 00:17:13

HP:   -1/41 (46)    AC:  3    Str:  8    XL:     8   Next: 5%
MP:   0/12          EV: 17    Int: 18    God:    Nemelex Xobeh [*.....]
Gold: 201           SH:  0    Dex: 15    Spells: 3/11 levels left

rFire   . . .        b - +1 dagger (speed)
rCold   . . .        (no shield)
rNeg    . . .        s - +0 robe
rPois   .            (helmet restricted)
rElec   .            k - +0 cloak
rCorr   .            (no gloves)
SInv    .            (boots unavailable)
Will    .....        z - amulet of guardian spirit
Stlth   ++           (no ring)
HPRegen 0.26/turn    (no ring)
MPRegen 0.13/turn

%: guardian spirit
@: about to teleport, marked, flying quickly and evasively, heavily drained,
quick
A: beak, talons 3, nimble flight
a: Renounce Religion, Draw Escape, Draw Destruction, Draw Summoning


You were on level 5 of the Dungeon.
You worshipped Nemelex Xobeh.
Nemelex Xobeh was aware of your devotion.
You visited 2 branches of the dungeon, and saw 6 of its levels.

You collected 201 gold pieces.

Inventory:

Hand Weapons
 a - a +2 short sword of freezing
 b - a +1 dagger of speed (weapon)
Missiles
 h - 5 stones (quivered)
 y - 5 boomerangs
 D - 3 poisoned darts
Armour
 k - a +0 cloak (worn)
 s - a +0 robe (worn)
Jewellery
 z - an amulet of guardian spirit (around neck)
Wands
 r - a wand of flame (40)
 v - a wand of charming (11)
Scrolls
 c - a scroll of brand weapon {unknown}
 e - a scroll of blinking
 l - 2 scrolls of teleportation
 n - a scroll of noise {unknown}
 u - a scroll of immolation {unknown}
 w - a scroll of enchant armour {unknown}
 B - a scroll of amnesia {unknown}
 C - a scroll of vulnerability {unknown}
Potions
 d - 3 potions of degeneration
 g - 2 potions of heal wounds
 i - a potion of attraction
 j - a potion of lignification
 m - 2 potions of curing
 p - a potion of haste
 t - a potion of ambrosia {unknown}
 x - a potion of magic
 A - a potion of berserk rage {unknown}


   Skills:
 - Level 3.0 Fighting
 - Level 5.0 Dodging
 - Level 2.0 Stealth
 - Level 2.0 Spellcasting
 + Level 5.3 Conjurations
 * Level 7.1 Fire Magic


You had 3 spell levels left.
You knew the following spells:

 Your Spells              Type           Power      Damage    Failure   Level
a - Foxfire               Conj/Fire      96%        2x1d8     1%          1
b - Scorch                Fire           54%        2d7       1%          2
c - Inner Flame           Hex/Fire       14%        N/A       12%         3
r - Searing Ray           Conj           42%        2d6       3%          2

Your spell library contained the following spells:

 Spells                   Type           Power      Damage    Failure   Level
 Magic Dart               Conj           84%        1d7       1%          1
 Volatile Blastmotes      Fire/Tloc      28%        2d12      12%         3
 Freeze                   Ice            4%         1d3       19%         1
 Hailstorm                Conj/Ice       11%        3d5       19%         3
 Frozen Ramparts          Ice            2%         1d1       47%         3
 Flame Wave               Conj/Fire      24%        2d8       14%         4
 Fulminant Prism          Conj/Hex       5%         3d6       52%         4
 Yara's Violent Unravell  Hex/Tmut       0%         3d3       99%         5
 Conjure Ball Lightning   Conj/Air       5%         3x3d6     100%        6
 Enfeeble                 Hex            0%         N/A       100%        7
 Discord                  Hex            0%         N/A       100%        8
 Disjunction              Tloc           0%         N/A       100%        8


Dungeon Overview and Level Annotations

Branches:
Dungeon (5/15)             Temple (1/1) D:4

Altars:
Dithmenos
Fedhas
Makhleb
Nemelex Xobeh
Okawaru
Trog
Uskayaw
Wu Jian
Zin
The Shining One

Shops:
D:2 =


Innate Abilities, Weirdness & Mutations

You have a beak for a mouth.
You have claws for feet.
Your magical nature lets you fly swiftly and evasively.


Message History

The wight hits you with a +4 short sword.
You feel drained. The wight completely misses you.
Casting: Scorch (safe; 1% risk of failure)
Confirm with . or Enter, or press ? or * to list all spells.
Flames lash the wight.
The wight is almost destroyed.
The wight's fire resistance burns away.
The wight closely misses you.
The wight hits you with a +3 hand axe of freezing.
The wight freezes you.
Unknown command.
You hit the wight but do no damage. You claw the wight.
The wight is almost destroyed.
You hit the wight but do no damage. You peck the wight, but do no damage.
The wight is almost destroyed.
The wight hits you with a +4 short sword!
* * * LOW HITPOINT WARNING * * *
You feel drained.
* * * LOW HITPOINT WARNING * * *
The wight hits you with a +3 hand axe of freezing!
* * * LOW HITPOINT WARNING * * *
The wight freezes you.
* * * LOW HITPOINT WARNING * * *
Casting: Scorch (safe; 1% risk of failure)
Confirm with . or Enter, or press ? or * to list all spells.
You don't have enough magic to cast this spell.
Unknown command.
As you read the scroll of teleportation, it crumbles to dust.
You feel strangely unstable.
The wight is no longer more vulnerable to fire.
The wight hits you with a +4 short sword.
* * * LOW HITPOINT WARNING * * *
You feel drained.
* * * LOW HITPOINT WARNING * * *
The wight barely misses you.
You hit the wight but do no damage. You claw the wight.
Your peck misses the wight.
The wight is almost destroyed.
The wight hits you with a +4 short sword!
You die...
Your body disappears without a glow.

....▒▒▒.▒▒▒▒▒▒▒▒▒▒
....'.▒.▒ ▒....▒ ....▒.▒.▒
▒....▒▒ ......▒.▒ ▒....'▒
▒'▒▒....▒▒▒▒..z.▒▒
▒..'....▒▒....▒..▒ ▒.Y..▒
▒▒▒▒....▒▒..z.▒z▒▒ ▒.z..▒ ▒
▒....▒▒....▒z▒▒ ▒zh..▒
▒▒▒▒.▒▒.▒▒....▒zQ▒
▒▒.z..▒▒▒▒
▒▒......▒▒....▒▒▒▒
.........
..............▒▒▒▒ ......
▒▒▒▒▒▒▒▒.........▒
▒▒▒▒▒▒''▒ ▒▒▒
▒....▒▒.........▒▒▒.h.....▒
..
▒....▒▒..................▒▒
▒
▒....▒▒..................▒
▒
▒....▒▒..................▒
▒
▒....▒▒..................▒
▒


You could see 4 wights.

Vanquished Creatures
  2 black bears (D:5)
  An ogre (D:4)
  3 scorpions
  A wight (D:5)
  2 hounds
  A sleepcap (D:5)
  Natasha (thrice) (D:3)
  An iguana (D:4)
  An orc wizard (D:4)
  7 adders
  A shadow imp (D:5)
  An ufetubus (D:5)
  A worm (D:2)
  A dart slug (D:1)
  8 orcs
  10 endoplasms
  3 giant cockroaches
  7 goblins
  8 hobgoblins
  2 jackals (D:1)
  7 quokkas
  7 ball pythons
  4 bats
  2 frilled lizards
  8 kobolds
  8 rats
100 creatures vanquished.

Vanquished Creatures (collateral kills)
  6 foxfires (D:2)
6 creatures vanquished.

Vanquished Creatures (others)
  194 foxfires
194 creatures vanquished.

Grand Total: 300 creatures vanquished

Notes
Turn   | Place    | Note
-------+----------+-------------------------------------------
     0 | D:1      | shmup the Tengu Fire Elementalist began the quest for the
                  | Orb.
     0 | D:1      | Reached XP level 1. HP: 10/10 MP: 4/4
   153 | D:1      | Reached XP level 2. HP: 15/15 MP: 4/6
   179 | D:1      | Learned a level 2 spell: Scorch
   372 | D:1      | Reached skill level 4 in Fire Magic
   632 | D:1      | Reached XP level 3. HP: 19/19 MP: 2/7
  1386 | D:2      | Found Bahodou's Jewellery Boutique.
  1523 | D:2      | Found a faded altar of an unknown god.
  1803 | D:2      | Reached XP level 4. HP: 24/24 MP: 3/8
  2312 | D:3      | Noticed Natasha
  2314 | D:3      | Killed Natasha
  2315 | D:3      | Reached skill level 5 in Fire Magic
  2473 | D:3      | Gained mutation: Your magical nature lets you fly swiftly
                  | and evasively. [Tengu growth]
  2473 | D:3      | Reached XP level 5. HP: 28/28 MP: 9/9
  2546 | D:3      | Noticed Natasha
  2552 | D:3      | Killed Natasha
  2553 | D:3      | Reached skill level 1 in Fighting
  2811 | D:3      | Noticed Natasha
  2848 | D:3      | Killed Natasha
  3076 | D:4      | Reached XP level 6. HP: 35/35 MP: 0/10
  3196 | D:4      | Reached skill level 6 in Fire Magic
  3318 | D:4      | Found a staircase to the Ecumenical Temple.
  3567 | D:4      | Reached XP level 7. HP: 40/40 MP: 8/11
  3747 | Temple   | Entered the Ecumenical Temple
  3747 | Temple   | Found a transporter.
  3747 | Temple   | Found a transporter.
  3759 | Temple   | Found a transporter.
  3759 | Temple   | Found a transporter.
  3804 | Temple   | Became a worshipper of Nemelex Xobeh the Trickster
  4044 | D:4      | Found a blossoming altar of Fedhas.
  4215 | D:4      | Found a glowing silver altar of Zin.
  4215 | D:4      | Found a bloodstained altar of Trog.
  4331 | D:5      | Entered Level 5 of the Dungeon
  4801 | D:5      | Reached * piety under Nemelex Xobeh
  4917 | D:5      | Reached skill level 5 in Conjurations
  4917 | D:5      | Reached skill level 7 in Fire Magic
  5231 | D:5      | Learned a level 2 spell: Searing Ray
  5235 | D:5      | Learned a level 3 spell: Inner Flame
  5255 | D:5      | Reached skill level 5 in Dodging
  5255 | D:5      | Reached XP level 8. HP: 46/46 MP: 7/12
  5325 | D:5      | Slain by a wight

Illustrated notes

Levels and vault maps discovered:
D:1:      dpeg_arrival_short_road, layout_basic
D:2:      minmay_angry_zag, layout_basic, serial_bayou, serial_bayou_pond_c,
          serial_bayou_lake_a, serial_bayou_pond_e, serial_bayou_ford_a,
          serial_shops, nicolae_shop_trees,
          shapermc_ecumenical_altar_hornbeckon, chequers_serial_rivers_marsh,
          st_stairs_7
D:3:      layout_basic, uniq_natasha
D:4:      layout_basic, lemuel_round_altar, gammafunk_temple_overflow_elements,
          minmay_temple_entry_waves, minmay_bisected
D:5:      layout_basic, kennysheep_dice
Temple:   hellmonk_temple_divided_pantheon

Skill      XL: |  1  2  3  4  5  6  7 |
---------------+----------------------+-----
Conjurations   | 2 3 4 5 |  5.3
Fire Magic     | 4 5 6 7 |  7.1
Fighting       | 1 2 3 |  3.0
Dodging        | 3 5 |  5.0
Stealth        | |  2.0
Spellcasting   | |  2.0

Action                     |  1- 3 |  4- 6 |  7- 9 || total
---------------------------+-------+-------+-------++-------
  Melee: Spear             |       |     6 |       ||     6
         Peck              |       |     3 |     3 ||     6
         Dagger            |       |     4 |     9 ||    13
         Kick              |       |     4 |     6 ||    10
         Short sword       |       |     7 |       ||     7
         Punch             |       |     1 |       ||     1
   Cast: Foxfire           |    60 |    44 |    15 ||   119
         Scorch            |     3 |    21 |    34 ||    58
    Use: Scroll            |       |     6 |     3 ||     9
 Armour: Robe              |     2 |     1 |     2 ||     5
  Dodge: Dodged            |     7 |    24 |    14 ||    45
